Map: Eternal Empire LE

Players

Methyle - Winner!

  • Race: Terran Terran
  • League: Platinum
  • Spawn Location: 7:00

A.I. 1 (Medium)

  • Race: Terran Terran
  • Spawn Location: 1:00

VOD

Have the link to the VOD?

Description

Time

  • Played on: April 15, 2020, 5:46 a.m.
  • Length: 13:21
Show
View Real Time Build Order
Export as new Build Order

Methyle Terran - Winner!

Build Orders: 2 Factory, Gas First Reaper Expand, Mech 

Get SALT Encoding   

  12  0:01  SCV  
  13  0:13  SCV  
  14  0:17  Supply Depot  
  14  0:25  SCV  
  15  0:30  Refinery  
  15  0:39  SCV  
  16  0:45  Barracks  
  16  0:51  SCV  
  17  1:03  SCV  
  18  1:15  SCV  
  19  1:32  Orbital Command  
  19  1:33  Reaper  
  20  1:44  Command Center  
  20  1:50  Refinery  
  20  2:01  Factory  
  20  2:05  SCV  
  21  2:17  Barracks Tech Lab, SCV  
  22  2:24  Barracks Tech Lab, Supply Depot  
  22  2:29  SCV  
  23  2:46  SCV  
  23  2:49  Factory  
  24  2:53  Barracks Tech Lab  
  24  2:57  Supply Depot  
  24  3:05  Engineering Bay  
  24  3:06  Orbital Command  
  24  3:07  SCV  
  25  3:17  Siege Tank  
  28  3:28  Barracks Tech Lab  
  28  3:30  Supply Depot  
  28  3:35  SCV  
  28  3:36  SCV  
  30  3:47  SCV  
  31  3:49  Siege Tank  
  31  3:51  Factory  
  31  3:54  Supply Depot  
  34  3:58  SCV  
  34  3:59  SCV  
  36  4:05  Refinery  
  36  4:07  Barracks Reactor  
  36  4:09  Cyclone  
  39  4:19  SCV x2  
  41  4:29  Supply Depot  
  41  4:31  Armory  
  41  4:38  Refinery, SCV x2  
  43  4:50  SCV, Factory  
  44  4:54  Hellion x3  
  50  5:01  Supply Depot  
  50  5:05  Armory  
  50  5:14  Missile Turret x2  
  50  5:25  Command Center  
  50  5:33  Supply Depot, SCV  
  51  5:36  SCV  
  51  5:41  Barracks Reactor  
  52  5:45  Factory  
  52  5:55  Supply Depot  
  52  6:01  Hi-Sec Auto Tracking  
  52  6:03  SCV x2  
  54  6:12  Supply Depot  
  54  6:14  Siege Tank  
  54  6:15  SCV x2  
  59  6:20  Hellion  
  61  6:31  Barracks Tech Lab, Starport  
  61  6:36  Hellion x2  
  61  6:37  Hellion  
  61  6:39  Orbital Command  
  67  6:41  SCV x2  
  67  6:46  Siege Tank  
  72  6:54  Siege Tank  
  72  6:55  Siege Tank  
  72  6:58  Orbital Command  
  77  7:04  SCV x2  
  79  7:16  Hellion x3, SCV x2  
  79  7:18  Cyclone  
  90  7:24  Fusion Core  
  90  7:26  Cyclone, Starport  
  93  7:44  Terran Vehicle Weapons Level 1, Terran Vehicle And Ship Armor Level 1  
  93  7:45  SCV x2  
  93  7:46  SCV  
  96  7:54  Hellion x4  
  96  7:55  Siege Tank  
  96  7:58  SCV x3  
  110  8:05  Missile Turret  
  110  8:08  Marine, Missile Turret  
  110  8:10  Refinery, SCV x3  
  110  8:11  Hellion  
  110  8:12  Cyclone  
  119  8:13  Refinery  
  119  8:28  Marine  
  119  8:29  Cyclone  
  119  8:33  Starport Tech Lab  
  123  8:40  SCV x2  
  125  8:52  Supply Depot  
  125  8:54  Supply Depot  
  125  8:55  Supply Depot  
  125  8:56  Supply Depot  
  125  9:02  Hellion  
  125  9:07  Command Center  
  125  9:14  Hellion, Marine, SCV x2, Cyclone  
  125  9:15  Cyclone x2  
  125  9:16  Hellion  
  141  9:20  Hellion  
  143  9:32  SCV x3  
  146  9:44  SCV, Missile Turret  
  147  9:46  Siege Tank  
  147  9:47  Supply Depot x2, Siege Tank x2  
  147  9:48  Supply Depot  
  147  9:50  Supply Depot  
  147  9:51  SCV  
  147  9:52  Supply Depot, Terran Vehicle And Ship Armor Level 2  
  157  9:53  Supply Depot  
  157  10:07  Barracks Tech Lab  
  157  10:08  SCV x3  
  157  10:09  Battlecruiser  
  166  10:17  Hellion x3  
  166  10:18  Siege Tank  
  166  10:20  SCV x3  
  178  10:27  Hellion, Widow Mine x2  
  184  10:32  SCV x3  
  187  10:38  Hellion  
  187  10:39  Widow Mine x2  
  193  10:44  SCV x2  
  193  10:48  Widow Mine, Cyclone  
  200  11:00  Refinery  
  200  11:01  Command Center  
  200  11:04  Refinery  
  200  11:07  Command Center  
  200  11:09  Planetary Fortress  
  198  11:13  Missile Turret  
  198  11:15  Missile Turret  
  198  11:17  Missile Turret x2  
  191  11:20  SCV x3  
  194  11:32  SCV x2  
  196  11:38  Siege Tank x2  
  193  12:04  Cyclone  
  196  12:09  SCV x4  
  200  12:43  Orbital Command  
  200  12:44  Orbital Command  
  200  12:54  Supply Depot  
  200  12:55  Supply Depot  
  200  12:58  Armory  
  200  13:02  Engineering Bay  
  200  13:04  Engineering Bay  
Show
View Real Time Build Order
Export as new Build Order

A.I. 1 (Medium) Terran 

Build Orders:  

Get SALT Encoding   

  12  0:00  SCV  
  13  0:13  SCV  
  14  0:18  Supply Depot  
  14  0:25  SCV  
  15  0:40  SCV  
  15  0:42  Barracks  
  16  0:50  Refinery  
  16  0:52  SCV  
  17  1:04  SCV  
  18  1:16  Supply Depot  
  18  1:30  Marine  
  18  1:32  Orbital Command  
  19  1:34  Barracks  
  19  1:44  Refinery  
  19  1:50  Barracks Tech Lab  
  19  2:07  Marine  
  20  2:12  Supply Depot  
  20  2:20  Marine  
  21  2:33  Marine  
  22  2:46  Marine  
  22  2:47  Supply Depot  
  23  2:56  SCV  
  24  2:59  Marine  
  25  3:08  SCV  
  25  3:12  Marine  
  27  3:15  Engineering Bay  
  27  3:20  SCV  
  27  3:24  Marine  
  29  3:33  SCV  
  30  3:37  Marine  
  31  3:45  SCV  
  32  3:48  Supply Depot  
  32  3:51  Marauder  
  34  3:57  SCV  
  35  4:03  Marine  
  36  4:16  Marine  
  37  4:34  Marauder  
  39  4:56  Marauder  
  41  6:50  Barracks Tech Lab, Reaper  
  41  6:53  Factory  
  41  6:57  Factory, Command Center  
  41  6:59  Missile Turret  
  41  7:01  Missile Turret  
  41  7:05  Sensor Tower  
  41  7:07  Barracks  
  41  7:09  Marauder  
  43  7:22  Bunker  
  43  7:23  Reaper  
  44  7:36  Factory Tech Lab  
  44  7:38  Marauder  
  44  7:41  Starport  
  44  7:43  Armory, Factory Tech Lab  
  29  7:54  Marine  
  29  7:55  Barracks Reactor  
  30  7:58  Marine  
  31  8:10  SCV  
  31  8:12  Refinery, Marine  
  33  8:13  SCV  
  33  8:17  Marauder  
  36  8:21  Starport Tech Lab, Missile Turret  
  36  8:22  SCV  
  36  8:25  SCV  
  37  8:28  Missile Turret  
  37  8:30  Marine  
  37  8:33  Marine  
  39  8:34  SCV  
  39  8:37  Refinery, SCV  
  41  8:41  Raven  
  41  8:42  Marine  
  41  8:46  SCV  
  44  8:49  SCV  
  44  8:50  Marine, Bunker  
  46  8:58  SCV  
  46  8:59  Marine  
  46  9:01  SCV  
  49  9:08  Marine  
  50  9:10  SCV  
  50  9:13  SCV  
  53  9:17  Marauder  
  53  9:22  SCV  
  54  9:24  Raven  
  54  9:25  Marine, SCV  
  58  9:34  SCV  
  58  9:38  SCV  
  60  9:47  SCV  
  60  9:50  SCV  
  62  9:56  Supply Depot  
  62  9:59  SCV  
  63  10:02  SCV  
  64  10:11  SCV  
  65  10:14  SCV  
  66  10:23  SCV  
  66  10:26  SCV  
  68  10:35  SCV  
  69  11:06  Medivac  
  69  11:07  Combat Shield  
  69  11:08  Starport  
  69  11:11  Supply Depot  
  71  11:13  Ghost Academy, Reaper  
  71  11:18  Fusion Core  
  59  11:21  Engineering Bay  
  59  11:23  Armory, Siege Tank  
  53  11:31  Hellion  
  52  11:36  Medivac  
  52  11:37  SCV  
  52  11:39  Supply Depot  
  48  11:40  Reaper  
  48  11:45  Starport Reactor  
  28  11:49  SCV  
  28  11:52  Hellion  
  25  11:57  Marine  
  19  12:01  SCV  
  19  12:04  Starport Tech Lab  
  12  12:09  Factory Reactor  
  12  12:10  Starport Tech Lab  
  12  12:13  SCV  
  3  12:25  SCV  
Tags
 
Add a new tag
Caveats
  • Supply blocks, unpowered buildings, or Contaminate may cause inaccurate times.
  • Supply counts are checked every 10 seconds.